 Dungeon Crawl Stone Soup version 0.27-a0-1119-gbf574a6a6b (webtiles) character file.

Game seed: 1132369343509437368

153 freelancePsychic the Vandal (level 5, -15/30 HPs)
             Began as a Kobold Hunter on May 3, 2021.
             Killed from afar by a steam dragon (17 damage)
             ... with a ball of steam
             ... on level 3 of the Dungeon.
             The game lasted 00:04:01 (2458 turns).

freelancePsychic the Vandal (Kobold Hunter)         Turns: 2458, Time: 00:04:01

Health: -15/30     AC:  5    Str: 11    XL:     5   Next: 61%
Magic:  5/5        EV: 15    Int: 12    God:
Gold:   80         SH:  0    Dex: 15    Spells: 4/4 levels left

rFire    . . .     SeeInvis .   a - +1 hunting sling
rCold    . . .     Faith    .   (shield restricted)
rNeg     . . .     Spirit   .   c - +0 leather armour
rPois    .         Reflect  .   m - +0 helmet
rElec    .         Harm     .   (no cloak)
rCorr    .         Rampage  .   (no gloves)
Will     .....                  i - +0 pair of boots
Stlth    +++.......             (no amulet)
HPRegen  0.10/turn              (no ring)
MPRegen  0.09/turn              (no ring)

@: no status effects
A: small, no large weapons, nightstalker 3
a: no special abilities


You were on level 3 of the Dungeon.
You visited 1 branch of the dungeon, and saw 3 of its levels.

You collected 80 gold pieces.

Inventory:

Hand Weapons
 a - a +1 hunting sling (weapon)
 b - a +0 short sword
Missiles
 d - 14 sling bullets
 f - 14 stones (quivered ammo)
 p - 27 bolts
Armour
 c - a +0 leather armour (worn)
 i - a +0 pair of boots (worn)
 m - a +0 helmet (worn)
Jewellery
 n - a ring of poison resistance
Scrolls
 e - a scroll of teleportation {unknown}
 h - a scroll of enchant armour {unknown}
 k - a scroll of identify {unknown}
 l - a scroll of fear {unknown}
Potions
 g - a potion of heal wounds {unknown}
 j - a potion of curing {unknown}
 o - a potion of degeneration {unknown}


   Skills:
 - Level 2.1 Fighting
 * Level 5.8 Slings
 + Level 4.1 Dodging
 - Level 1.3 Stealth


You had 4 spell levels left.
You didn't know any spells.
Your spell library was empty.

Dungeon Overview and Level Annotations

Branches:
Dungeon (3/15)

Altars:
Qazlal


Innate Abilities, Weirdness & Mutations

You are small and have problems with some larger weapons.
You are completely attuned to the shadows.


Message History

The stone hits the steam dragon.
The steam dragon is lightly wounded.
The gnoll barely misses you.
You shoot a stone. The stone hits the gnoll.
The gnoll is almost dead.
The gnoll closely misses you.
You shoot a stone.
The stone hits the gnoll but does no damage.
The gnoll is almost dead.
The gnoll hits you with a +0 whip!
You shoot a stone. The stone hits the gnoll.
You kill the gnoll!
You shoot a stone. The stone hits the steam dragon.
The steam dragon is lightly wounded.
You shoot a stone.
The stone barely misses the steam dragon.
The steam dragon breathes steam at you. The ball of steam hits you!
You are too injured to fight recklessly!
You are too injured to fight recklessly!
You are too injured to fight recklessly!
You are too injured to fight recklessly!
You are too injured to fight recklessly!
You are too injured to fight recklessly!
You are too injured to fight recklessly!
You are too injured to fight recklessly!
You are too injured to fight recklessly!
You are too injured to fight recklessly!
You are too injured to fight recklessly!
You are too injured to fight recklessly!
You are too injured to fight recklessly!
You are too injured to fight recklessly!
You are too injured to fight recklessly!
You are too injured to fight recklessly!
You are engulfed in a cloud of scalding steam.
* * * LOW HITPOINT WARNING * * *
The steam dragon breathes steam at you. The ball of steam hits you!
Ouch! That really hurt!
You die...

......# ....(.# ......# ......#
......##### #.. #(
......)g..###.. ...
....#####...... ###(.. #####
###...#.###.§... # ##...#....@§D#
### #..###....###.....## ..#
#.........###..##..# #.###
###.####.........#.# #...###
#...##.........#.###
###...#####................######
###.#.....#...........##......†
####....###.#........†..##.......
.....##.###.............###......


You could see a steam dragon (catching breath).

Vanquished Creatures
  A hound (D:3)
  Robin (D:2)
  4 gnolls (D:3)
  An adder (D:3)
  A dart slug (D:1)
  4 endoplasms
  5 giant cockroaches
  12 goblins
  11 hobgoblins
  2 jackals (D:1)
  3 kobolds (D:1)
  A quokka (D:1)
  3 ball pythons
  2 bats
  A frilled lizard (D:1)
  A jackal zombie (D:1)
  A quokka zombie (D:1)
  5 rats
59 creatures vanquished.

Vanquished Creatures (others)
  A goblin (D:3)
  A rat (D:3)
2 creatures vanquished.

Grand Total: 61 creatures vanquished

Notes
Turn   | Place    | Note
-------+----------+-------------------------------------------
     0 | D:1      | freelancePsychic the Kobold Hunter began the quest for the
                  | Orb.
     0 | D:1      | Reached XP level 1. HP: 12/12 MP: 1/1
   156 | D:1      | Reached XP level 2. HP: 17/17 MP: 2/2
   222 | D:1      | You fall into a shaft and drop 1 floor!
   295 | D:2      | Noticed Robin
   619 | D:1      | Reached XP level 3. HP: 21/21 MP: 3/3
   894 | D:1      | Found a faded altar of an unknown god.
  1068 | D:2      | Killed Robin
  1069 | D:2      | Reached XP level 4. HP: 13/26 MP: 4/4
  1079 | D:2      | Reached skill level 5 in Slings
  2089 | D:3      | Reached XP level 5. HP: 25/30 MP: 5/5
  2268 | D:3      | Found a stormy altar of Qazlal.
  2449 | D:3      | Noticed a steam dragon
  2458 | D:3      | Killed from afar by a steam dragon

Illustrated notes

Levels and vault maps discovered:
D:1:      saegor_arrival_fortress, layout_rooms,
          shapermc_ecumenical_altar_mp_vishouse, minmay_quantized
D:2:      layout_basic, kennysheep_nub, uniq_robin
D:3:      layout_rooms, grunt_qazlal_clouds, lemuel_round_altar,
          minmay_fractal_squares_gapless_5

Skill      XL: |  1  2  3  4  5 |
---------------+----------------+-----
Dodging        | 3 4 |  4.1
Slings         | 5 |  5.8
Fighting       | |  2.1
Stealth        | |  1.3

Action                   |  1- 3 |  4- 6 || total
-------------------------+-------+-------++-------
 Fire: Hunting sling     |    74 |   108 ||   182
  Use: Potion            |     1 |       ||     1
Armor: Leather armour    |     8 |     7 ||    15
Dodge: Dodged            |     9 |    37 ||    46

Table legend: (Time is in decaauts)
 A = Elapsed time spent in this place.
 B = Non-inter-level travel time spent in this place.
 C = Inter-level travel time spent in this place.
 D = Time resting spent in this place.
 E = Time spent auto-exploring this place.
 F = Levels seen in this place.
 G = Mean time per level.
                   A        B        C        D        E       F      G
               +--------+--------+--------+--------+--------+-----+--------+
         Total |   2430 |   2359 |     71 |     16 |   1974 |   3 |  810.0 |
       Dungeon |   2430 |   2359 |     71 |     16 |   1974 |   3 |  810.0 |
               +--------+--------+--------+--------+--------+-----+--------+

Top non-repeatable levels by time:
     D:1: 939 daAuts
     D:2: 850 daAuts
     D:3: 640 daAuts
